 Dungeon Crawl Stone Soup version 0.19-a0-1827-g174f941 (webtiles) character file.

101 xeno23 the Vexing (level 4, -6/30 HPs)
             Began as a Vampire Enchanter on Oct 7, 2016.
             Was an Initiate of Dithmenos.
             Killed from afar by an orc wizard (9 damage)
             ... with a magic dart
             ... on level 3 of the Dungeon.
             The game lasted 00:11:22 (2372 turns).

xeno23 the Vexing (Vampire Enchanter)               Turns: 2372, Time: 00:11:23

Health: -6/30      AC:  3    Str:  7    XL:     4   Next: 48%
Magic:  0/7        EV: 13    Int: 17    God:    Dithmenos [......]
Gold:   111        SH:  0    Dex: 15    Spells: 3 memorised, 2 levels left

rFire  . . .     SeeInvis +     a - +1 dagger
rCold  + + +     Gourm    .     b - +1 robe
rNeg   + + +     Faith    .     (no shield)
rPois  ∞         Spirit   .     (no helmet)
rElec  .         Dismiss  .     (no cloak)
rCorr  .         Reflect  .     (no gloves)
MR     .....     Harm     .     (no boots)
Stlth  +++++.....               (no amulet)
                                (no ring)
                                k - ring of protection from cold

@: bloodless, non-regenerating
A: fangs 3, see invisible, unbreathing
a: Bat Form, Renounce Religion


You were on level 3 of the Dungeon.
You worshipped Dithmenos.
Dithmenos was noncommittal.
You were bloodless.

You visited 1 branch of the dungeon, and saw 3 of its levels.

You collected 111 gold pieces.

Inventory:

Hand Weapons
 a - a +1 dagger (weapon)
 g - a +0 short sword
Missiles
 q - 20 poisoned needles
Armour
 b - a +1 robe (worn)
Jewellery
 k - a ring of protection from cold (left hand)
Scrolls
 e - 2 scrolls of remove curse {unknown}
 f - a scroll of identify {unknown}
 h - 2 scrolls of random uselessness {unknown}
 j - 3 scrolls of teleportation {unknown}
 l - a scroll of enchant armour {unknown}
 n - a scroll of fear {unknown}
 o - 2 scrolls of recharging {unknown}
 p - a scroll of immolation {unknown}
 r - a scroll of magic mapping {unknown}
Potions
 d - 9 potions of blood
 i - a potion of haste {unknown}
 m - a potion of curing {unknown}
 s - a potion of agility {unknown}
 t - a potion of degeneration {unknown}
 u - a potion of magic {unknown}
Books
 c - a book of Maledictions

   Spells                             Type                      Level
   a - Corona                         Hexes                        1
   b - Ensorcelled Hibernation        Hexes/Ice                    2
   c - Confuse                        Hexes                        3
   d - Tukima's Dance                 Hexes                        3
   e - Dazzling Spray                 Conjuration/Hexes            3


   Skills:
 + Level 1.9 Short Blades
 - Level 2.1 Dodging
 + Level 5.6 Stealth
 + Level 2.6 Spellcasting
 * Level 6.0 Hexes


You had 2 spell levels left.
You knew the following spells:

 Your Spells              Type           Power        Failure   Level  Hunger
a - Confuse               Hex            ###.....     6%          3    ###....
b - Corona                Hex            ###....      1%          1    #......
s - Ensorcelled Hibernat  Hex/Ice        ##....       10%         2    ##.....


Dungeon Overview and Level Annotations

Branches:
Dungeon (3/15)

Altars:
Dithmenos
Hepliaklqana
Trog
Uskayaw


Innate Abilities, Weirdness & Mutations

You do not heal naturally.
You are immune to poison.
You have razor-sharp teeth.
You have supernaturally acute eyesight. (SInv)
You can survive without breathing.


Message History

The orc wizard resists with some effort.
The orc wizard hits you with a dagger.
* * * LOW HITPOINT WARNING * * *
You take 2 damage.
Items here: ))) [[ ††
Okay, then.
The orc wizard casts a spell at you. The magic dart hits you!
* * * LOW HITPOINT WARNING * * *
You take 6 damage.
Okay, then.
Casting: Ensorcelled Hibernation
Confirm with . or Enter, or press ? or * to list all spells.
Aiming: Ensorcelled Hibernation
Press: ? - help, Shift-Dir - straight line, f/p - orc wizard
Aim: an orc wizard, wielding a dagger and wearing a robe (lightly wounded, chance to defeat MR: 43%)
The orc wizard resists with some effort.
The orc wizard points at you and mumbles some strange words.
The magic dart hits you!
You die...

####........# #........
#...........# #........
#...........# #........
#......###.## #######
#......# #.# #..)...#
#.# ....# #......# #.#
#....# #......###.#
#....# #........@.#
#....###. #..........#
#....... #........o.#
#.....###
######.....#####.......#
#..................
###########.##..#. #.#
.# ####)##..#.##
#...[........


You could see an orc wizard.

Vanquished Creatures
  3 adders (D:2)
  3 worms
  A dart slug (D:1)
  2 leopard geckos (D:2)
  3 orcs (D:3)
  2 ball pythons (D:2)
  4 bats (D:2)
  A giant cockroach (D:1)
  2 goblins (D:1)
  5 hobgoblins
  15 jackals (D:2)
  5 frilled lizards
  6 kobolds
  8 rats
  A bush (D:2)
61 creatures vanquished.

Notes
Turn   | Place    | Note
-------+----------+-------------------------------------------
     0 | D:1      | xeno23 the Vampire Enchanter began the quest for the Orb.
     0 | D:1      | Reached XP level 1. HP: 13/13 MP: 3/3
   403 | D:1      | Reached XP level 2. HP: 16/19 MP: 5/5
   457 | D:1      | Learned a level 2 spell: Ensorcelled Hibernation
   479 | D:1      | Reached skill level 5 in Hexes
  1061 | D:2      | Reached skill level 5 in Stealth
  1245 | D:2      | Reached XP level 3. HP: 20/24 MP: 6/6
  1270 | D:2      | Learned a level 3 spell: Confuse
  1552 | D:2      | Found a hide-covered altar of Uskayaw.
  1553 | D:2      | Found a shadowy altar of Dithmenos.
  1658 | D:2      | Reached XP level 4. HP: 29/30 MP: 2/7
  1780 | D:2      | Found a bloodstained altar of Trog.
  1786 | D:2      | Became a worshipper of Dithmenos the Shadowed
  1850 | D:2      | Found a hazy altar of Hepliaklqana.
  2266 | D:2      | Reached skill level 6 in Hexes
  2272 | D:3      | Found a faded altar of an unknown god.
  2372 | D:3      | Killed from afar by an orc wizard

Vault maps used:
D:1:      dpeg_arrival_chase
D:2:      lemuel_doored_altar, grunt_temple_overflow_open, serial_forest,
          infiniplex_forest_fountain, infiniplex_forest_corner_1,
          infiniplex_forest_zigzag_2, infiniplex_forest_straight_3,
          infiniplex_forest_lined_2
D:3:      ecumenical_altar_2, minmay_liquid_box

Skill      XL: |  1  2  3  4 |
---------------+-------------+-----
Hexes          | 5 6 |  6.0
Stealth        | 5 |  5.6
Short Blades   | |  1.9
Dodging        | |  2.1
Spellcasting   | |  2.6

Action                   |  1- 3 |  4- 6 || total
-------------------------+-------+-------++-------
Melee: Dagger            |   146 |    79 ||   225
       Bite              |    13 |    69 ||    82
       Short sword       |       |   282 ||   282
 Cast: Corona            |     3 |       ||     3
       Ensorcelled Hiber |     8 |     2 ||    10
       Confuse           |     3 |     6 ||     9
 Stab: Sleeping          |    14 |     2 ||    16
       Confused          |     1 |     4 ||     5
       Distracted        |     1 |       ||     1
Armor: Robe              |    20 |    26 ||    46
Dodge: Dodged            |    96 |    56 ||   152
